 Dungeon Crawl Stone Soup version 0.29.1-15-g9cfb28693d (webtiles) character file.

Game seed: 6478516453580027551

32 plastgreken the Trooper (level 3, 0/33 HPs)
             Began as a Hill Orc Fighter on Apr 20, 2023.
             Frozen to death by an endoplasm (1 damage)
             ... on level 2 of the Dungeon.
             The game lasted 00:02:25 (953 turns).

plastgreken the Trooper (Hill Orc Fighter)           Turns: 953, Time: 00:02:25

Health: 0/33       AC:  7    Str: 20    XL:     3   Next: 25%
Magic:  3/3        EV:  9    Int:  8    God:
Gold:   37         SH:  4    Dex: 10    Spells: 2/2 levels left

rFire   . . .      SeeInvis .   a - +0 war axe
rCold   . . .      Faith    .   c - +0 buckler
rNeg    . . .      Spirit   .   b - +0 scale mail
rPois   .          Reflect  .   (no helmet)
rElec   .          Harm     .   (no cloak)
rCorr   .          Rampage  .   (no gloves)
Will    .....                   (no boots)
Stlth   ..........              (no amulet)
HPRegen 0.11/turn               (no ring)
MPRegen 0.08/turn               (no ring)

@: no status effects
A: no striking features
a: no special abilities


You were on level 2 of the Dungeon.
You visited 1 branch of the dungeon, and saw 2 of its levels.

You collected 37 gold pieces.

Inventory:

Hand Weapons
 a - a +0 war axe (weapon)
Armour
 b - a +0 scale mail (worn)
 c - a +0 buckler (worn)
Magical Staves
 m - a staff of air
Scrolls
 f - a scroll of summoning
 k - a scroll of teleportation
Potions
 d - 2 potions of might
 e - a potion of lignification {unknown}
 h - a potion of cancellation {unknown}
 i - a potion of heal wounds {unknown}
 j - 2 potions of curing {unknown}
 l - a potion of invisibility {unknown}


   Skills:
 + Level 4.1 Fighting
 + Level 3.1 Axes
 + Level 3.7 Armour
 + Level 3.6 Shields


You had 2 spell levels left.
You didn't know any spells.
Your spell library was empty.

Dungeon Overview and Level Annotations

Branches:
Dungeon (2/15)

Altars:


Message History

The endoplasm hits you but does no damage.
The adder bites you but does no damage.
You feel sick. The adder bites you but does no damage.
The endoplasm freezes you.
You are frozen.
You slash the dart slug!
You kill the dart slug!
You closely miss the adder. You hit the endoplasm.
You feel sick. The adder misses you. The endoplasm freezes you.
You are frozen.
The adder completely misses you.
You feel sick. The adder barely misses you.
You feel sick. The adder barely misses you.
The endoplasm hits you but does no damage.
You feel sick.
You are no longer poisoned.
The adder barely misses you. The endoplasm freezes you.
You are frozen.
The adder barely misses you. The endoplasm hits you.
* * * LOW HITPOINT WARNING * * *
The adder bites you but does no damage. The adder barely misses you.
The endoplasm freezes you.
You are frozen.
* * * LOW HITPOINT WARNING * * *
The adder barely misses you. The endoplasm freezes you.
You are frozen.
* * * LOW HITPOINT WARNING * * *
The adder completely misses you. The endoplasm freezes you.
You are frozen.
* * * LOW HITPOINT WARNING * * *
The adder bites you but does no damage. The endoplasm completely misses you.
The adder bites you but does no damage. The adder barely misses you.
The endoplasm freezes you.
You are frozen.
You die...

#.......#
#.......#
##.......#
#........#
###........#
#..........#
#.##.......#
#.
#....S..####
#
#...@J.....#
#####......#
#......#
#......#
#......#
.......#
..######
...#


You could see an adder and an endoplasm.

Vanquished Creatures
  A dart slug (D:2)
  2 giant cockroaches
  3 goblins (D:1)
  3 hobgoblins (D:1)
  A quokka (D:1)
  4 ball pythons (D:1)
  7 bats (D:1)
  5 kobolds (D:1)
  2 rats (D:1)
28 creatures vanquished.

Notes
Turn   | Place    | Note
-------+----------+-------------------------------------------
     0 | D:1      | plastgreken the Hill Orc Fighter began the quest for the
                  | Orb.
     0 | D:1      | Reached XP level 1. HP: 19/19 MP: 1/1
   316 | D:1      | Reached XP level 2. HP: 25/27 MP: 2/2
   413 | D:1      | Reached skill level 4 in Fighting
   575 | D:1      | Reached XP level 3. HP: 32/33 MP: 3/3
   951 | D:2      | HP: 1/33 [frozen (1)]
   953 | D:2      | Frozen to death by an endoplasm

Illustrated notes

Levels and vault maps discovered:
D:1:      heliophobic_arrival_henge, layout_basic, nrook_mini_backslash
D:2:      layout_basic, shapermc_ecumenical_altar_ellora,
          dreamdust_princess_bridge, uniq_jessica

Skill      XL: |  1  2  3 |
---------------+----------+-----
Fighting       | 4 |  4.1
Axes           | 3 |  3.1
Armour         | |  3.7
Shields        | |  3.6

Action                   || total
-------------------------++-------
Melee: War axe           ||    51
  Use: Scroll            ||     3
Armor: Scale mail        ||    52
Dodge: Dodged            ||    53
Block: Buckler           ||    16
